 Dungeon Crawl Stone Soup version 0.22.1-2-g9c5b331 (webtiles) character file.

3892 MalarOregon the Nimble (level 10, 0/77 HPs)
             Began as a Merfolk Summoner on Dec 1, 2018.
             Was an Initiate of Ashenzari.
             Slain by Gearfox's ghost (13 damage)
             ... on level 7 of the Dungeon.
             The game lasted 00:35:46 (11285 turns).

MalarOregon the Nimble (Merfolk Summoner)          Turns: 11285, Time: 00:35:46

Health: 0/77       AC: 10    Str:  8    XL:     10   Next: 19%
Magic:  22/25      EV: 14    Int: 18    God:    Ashenzari [......]
Gold:   296        SH: 11    Dex: 15    Spells: 4/17 levels left

rFire    . . .     SeeInvis .   d - +4 spear (venom)
rCold    . . .     Gourm    .   b - +3 shield
rNeg     . . .     Faith    .   r - +3 leather armour {MR+}
rPois    .         Spirit   .   E - +0 helmet
rElec    .         Reflect  .   i - +2 cloak {MR+}
rCorr    .         Harm     .   (no gloves)
MR       ++...                  (no boots)
Stlth    ++........             m - amulet of magic regeneration
HPRegen  0.22/turn              B - ring of magical power
MPRegen  0.44/turn              (no ring)

@: no status effects
A: change form in water, swift swim, stealthy swim
a: Curse Item, Renounce Religion


You were on level 7 of the Dungeon.
You worshipped Ashenzari.
Ashenzari was noncommittal.
You were not hungry.

You visited 2 branches of the dungeon, and saw 8 of its levels.

You collected 478 gold pieces.
You spent 182 gold pieces at shops.

Inventory:

Hand Weapons
 d - a +4 spear of venom (weapon)
   (You took it off a hobgoblin on level 2 of the Dungeon)
 G - a +2 trident of freezing
   (You bought it in a shop on level 7 of the Dungeon)
Missiles
 H - 3 throwing nets (quivered) {!f}
Armour
 a - a scarf of cloud immunity
   (You found it on level 4 of the Dungeon)
 b - a +3 shield (worn)
   (You found it on level 2 of the Dungeon)
 i - a +2 cloak of magic resistance (worn)
   (You took it off Crazy Yiuf on level 4 of the Dungeon)
 r - a +3 leather armour of magic resistance (worn)
   (You took it off Edmund on level 5 of the Dungeon)
 w - a cursed +0 ring mail
   (You found it on level 5 of the Dungeon)
 E - a +0 helmet (worn)
   (You found it on level 6 of the Dungeon)
Magical Staves
 c - an uncursed staff of power {!a}
   (You found it on level 4 of the Dungeon)
Jewellery
 f - an uncursed amulet of rage
   (You found it on level 4 of the Dungeon)
 l - an uncursed ring of fire
   (You took it off a goblin on level 2 of the Dungeon)
 m - an amulet of magic regeneration (around neck)
   (You found it on level 5 of the Dungeon)
 A - an uncursed ring of ice
   (You found it on level 6 of the Dungeon)
 B - a ring of magical power (left hand)
   (You found it on level 6 of the Dungeon)
Wands
 t - a wand of flame (6)
   (You found it on level 5 of the Dungeon)
 u - a wand of paralysis (3)
   (You took it off Pikel on level 5 of the Dungeon)
Scrolls
 h - a scroll of teleportation {@r4}
 q - a scroll of remove curse {@r2}
 y - a scroll of immolation {unknown}
 D - a scroll of random uselessness {unknown}
 F - a scroll of identify {@r1}
Potions
 g - 2 potions of mutation {!q}
 j - 5 potions of heal wounds {@q2}
 k - 2 potions of lignification {!q}
 n - a potion of brilliance
 o - a potion of haste {@q3}
 p - a potion of cancellation
 s - 2 potions of might
 x - a potion of invisibility
 z - a potion of curing {@q1}
 C - a potion of ambrosia {unknown}
Comestibles
 e - 15 rations {!d}


   Skills:
 * Level 6.4 Fighting
 * Level 7.5 Polearms
 + Level 2.9 Armour
 * Level 8.4 Dodging
 - Level 2.1 Stealth
 + Level 3.8 Shields
 + Level 4.2 Spellcasting
 * Level 7.2 Summonings
 + Level 2.1 Ice Magic
 + Level 2.7 Air Magic


You had 4 spell levels left.
You knew the following spells:

 Your Spells              Type           Power        Failure   Level  Hunger
a - Call Canine Familiar  Summ           ####....     13%         3    ###....
d - Summon Ice Beast      Ice/Summ       ###.....     77%         4    ####...
x - Call Imp              Summ           ####....     7%          2    ##.....
z - Summon Lightning Spi  Summ/Air       ###.....     73%         4    ####...

Your spell library contained the following spells:

 Spells                   Type           Power        Failure   Level  Hunger
 Summon Small Mammal      Summ           ####         4%          1    None
 Summon Guardian Golem    Hex/Summ       ###.....     52%         3    ###....


Dungeon Overview and Level Annotations

Branches:
Dungeon (7/15)             Temple (1/1) D:4

Altars:
Ashenzari
Cheibriados
Dithmenos
Elyvilon
Fedhas
Gozag
Hepliaklqana
Kikubaaqudgha
Makhleb
Nemelex Xobeh
Okawaru
Qazlal
Ru
Sif Muna
Trog
Uskayaw
Vehumet
Wu Jian
Xom
Yredelemnul
Zin
The Shining One

Shops:
D:4 [   D:7 *

Annotations:
D:7 Gearfox's ghost, novice DrFi


Message History

Aim: Gearfox's ghost, wielding a vorpal weapon (translocational energy, You reach to attack!
You hit Gearfox's ghost.
Your hound bites Gearfox's ghost but does no damage.
Your crimson imp hits Gearfox's ghost but does no damage.
Your hound closely misses Gearfox's ghost.
Your crimson imp misses Gearfox's ghost.
Gearfox's ghost closely misses you.
Your hound barely misses Gearfox's ghost.
Your crimson imp closely misses Gearfox's ghost.
Your crimson imp barely misses Gearfox's ghost.
You swap places.
Your hound bites Gearfox's ghost but does no damage.
Gearfox's ghost hits your crimson imp.
Your crimson imp hits Gearfox's ghost but does no damage.
Your hound misses Gearfox's ghost.
Your crimson imp closely misses Gearfox's ghost.
Gearfox's ghost hits your crimson imp!
Your crimson imp dies!
Your hound barely misses Gearfox's ghost.
Your crimson imp barely misses Gearfox's ghost.
What are your orders? t - Shout!
Orders for allies: a - Attack new target. p - Attack previous target. r - Retreat! s - Stop attacking. g - Guard the area. f - Follow me.
Anything else - Cancel.
Gang up on whom?
Aim: Gearfox's ghost, wielding a vorpal weapon (moderately damaged) Attack!
Your hound bites Gearfox's ghost but does no damage.
Gearfox's ghost hits you.
* * * LOW HITPOINT WARNING * * *
* * * LOW HITPOINT WARNING * * *
Your hound closely misses Gearfox's ghost.
Your crimson imp barely misses Gearfox's ghost.
Your hound bites Gearfox's ghost but does no damage.
Your crimson imp blinks!
Your hound closely misses Gearfox's ghost.
Your crimson imp blinks!
Your magical contamination has completely faded away.
Your hound bites Gearfox's ghost.
Your hound disappears in a puff of smoke!
Gearfox's ghost hits you.
* * * LOW HITPOINT WARNING * * *
* * * LOW HITPOINT WARNING * * *
Your hound closely misses Gearfox's ghost.
Your hound barely misses Gearfox's ghost.
Your hound bites Gearfox's ghost but does no damage.
Gearfox's ghost hits you!
You die...

##### ##...# #..Wh#
#####@#.# #..#.)#.#
#..#..#.# #..'..#.#
########..#..#5#
#......#..#..#.########
##.P.P..#######.....§..#
#...∩.......# #######5.#
#..PP..#^...# #...#


You could see Gearfox's ghost and a friendly hound.

Vanquished Creatures
  Eustachio (D:5)
  4 hogs (D:7)
  A human (D:7)
  Edmund (D:5)
  A slave (D:5)
  2 ice beasts (D:5)
  2 ogres
  A centaur (D:7)
  2 big kobolds (D:7)
  A bullfrog (D:6)
  A water moccasin zombie (D:7)
  3 crimson imps
  A jelly (D:5)
  4 orc wizards
  Crazy Yiuf (D:4)
  2 orc priests (D:6)
  Natasha (D:3)
  5 worker ants
  A howler monkey zombie (D:7)
  2 worker ant zombies (D:5)
  2 adders
  An ooze (D:6)
  2 adder skeletons
  3 leopard geckos
  17 orcs
  3 giant cockroaches
  3 goblins
  3 hobgoblins
  2 jackals (D:6)
  A quokka (D:6)
  A ball python (D:5)
  4 bats
  3 frilled lizards
  A giant cockroach zombie (D:6)
  A jackal zombie (D:7)
  7 kobolds (D:7)
  A leopard gecko zombie (D:6)
  A quokka zombie (D:5)
  3 rats
96 creatures vanquished.

Vanquished Creatures (collateral kills)
  Harold (D:7)
  Pikel (D:5)
  Grinder (D:3)
  Sigmund (D:3)
  Menkaure (D:5)
  2 orc warriors
  A slave (D:5)
  2 bullfrogs
  A scorpion (D:5)
  A crimson imp (D:5)
  A quasit (D:7)
  5 orc wizards
  2 orc priests
  Terence (D:3)
  Natasha (twice) (D:3)
  3 worker ants
  A hound skeleton (D:7)
  5 adders
  2 oozes
  A worm (D:2)
  3 dart slugs
  3 leopard geckos (D:3)
  9 orcs
  4 giant cockroaches
  6 hobgoblins
  7 jackals
  5 kobolds
  A quokka (D:2)
  3 bats
  4 frilled lizards
  4 goblins
  A leopard gecko skeleton (D:4)
  3 rats
88 creatures vanquished.

Grand Total: 184 creatures vanquished

Notes
Turn   | Place    | Note
-------+----------+-------------------------------------------
     0 | D:1      | MalarOregon the Merfolk Summoner began the quest for the
                  | Orb.
     0 | D:1      | Reached XP level 1. HP: 13/13 MP: 3/3
   362 | D:1      | Reached XP level 2. HP: 18/20 MP: 0/5
   404 | D:1      | Reached skill level 3 in Dodging
   507 | D:1      | Learned a level 2 spell: Call Imp
   923 | D:1      | Reached skill level 1 in Fighting
  1348 | D:1      | Reached XP level 3. HP: 26/26 MP: 1/6
  1924 | D:2      | Found an ancient bone altar of Kikubaaqudgha.
  2435 | D:2      | Reached skill level 1 in Polearms
  2435 | D:2      | Reached XP level 4. HP: 32/32 MP: 7/7
  2811 | D:3      | Learned a level 3 spell: Call Canine Familiar
  2960 | D:3      | Found a burning altar of Makhleb.
  2961 | D:3      | Noticed an Executioner
  2997 | D:3      | Noticed Sigmund
  3238 | D:3      | Noticed Terence
  3277 | D:3      | Killed Terence
  3648 | D:3      | Noticed Grinder
  3695 | D:3      | Paralysed by something for 3 turns
  3706 | D:3      | Killed Grinder
  3706 | D:3      | Reached skill level 1 in Armour
  3706 | D:3      | Reached skill level 4 in Dodging
  3706 | D:3      | Reached XP level 5. HP: 9/39 MP: 0/8
  4111 | D:3      | Reached skill level 1 in Shields
  4111 | D:3      | Reached XP level 6. HP: 8/46 MP: 7/9
  4607 | D:3      | Noticed Natasha
  4623 | D:3      | Killed Natasha
  4811 | D:3      | Found a burning altar of Makhleb.
  4926 | D:3      | Noticed Natasha
  4946 | D:3      | Killed Natasha
  5064 | D:3      | Noticed Natasha
  5076 | D:3      | Killed Natasha
  5377 | D:3      | Killed Sigmund
  5377 | D:3      | Reached skill level 5 in Summonings
  5796 | D:4      | Reached skill level 5 in Dodging
  6038 | D:4      | Reached XP level 7. HP: 31/52 MP: 3/11
  6324 | D:4      | Found a staircase to the Ecumenical Temple.
  6387 | D:4      | Found Xocsal's Antique Armour Shoppe.
  6511 | D:4      | Learned a level 4 spell: Summon Lightning Spire
  6597 | Temple   | Entered the Ecumenical Temple
  6717 | Temple   | Became a worshipper of Ashenzari the Shackled
  6824 | D:4      | Found a runed door.
  6832 | D:4      | Noticed Crazy Yiuf
  6842 | D:4      | Killed Crazy Yiuf
  6969 | D:5      | Entered Level 5 of the Dungeon
  7607 | D:5      | Noticed Edmund
  7643 | D:5      | Killed Edmund
  7643 | D:5      | Reached XP level 8. HP: 40/60 MP: 7/12
  7883 | D:5      | Noticed Eustachio
  7906 | D:5      | Killed Eustachio
  7906 | D:5      | Reached skill level 6 in Dodging
  7906 | D:5      | Reached skill level 1 in Air Magic
  7909 | D:5      | Noticed Menkaure
  7915 | D:5      | Killed Menkaure
  8151 | D:5      | Found a deep blue altar of Sif Muna.
  8152 | D:5      | Found a glowing golden altar of the Shining One.
  8171 | D:5      | Noticed Pikel
  8201 | D:5      | Killed Pikel
  8201 | D:5      | Reached skill level 5 in Polearms
  8307 | D:5      | Reached skill level 5 in Fighting
  8523 | D:5      | Reached XP level 9. HP: 16/68 MP: 8/14
  8785 | D:6      | Reached skill level 7 in Dodging
  8859 | D:6      | Learned a level 4 spell: Summon Ice Beast
  8867 | D:6      | Found an ornate altar of the Wu Jian Council.
  9231 | D:6      | Found a sacrificial altar of Ru.
  9833 | D:7      | Reached skill level 1 in Ice Magic
 10030 | D:7      | Found Fitus's Assorted Antiques.
 10047 | D:7      | Bought a glowing trident for 182 gold pieces
 10055 | D:7      | Noticed Gearfox's ghost (novice DrFi)
 10056 | D:7      | Found a runed gate.
 10056 | D:7      | Found a runed gate.
 10057 | D:7      | Found a runed gate.
 10057 | D:7      | Noticed Harold
 10238 | D:7      | Reached skill level 8 in Dodging
 10459 | D:7      | Found a shadowy altar of Dithmenos.
 10459 | D:7      | Found a bloodstained altar of Trog.
 10693 | D:7      | Killed Harold
 10693 | D:7      | Reached XP level 10. HP: 58/77 MP: 11/16
 11285 | D:7      | Slain by Gearfox's ghost

Skill      XL: |  1  2  3  4  5  6  7  8  9 |
---------------+----------------------------+-----
Dodging        | 3 4 5 6 8 |  8.4
Fighting       | 1 2 3 5 6 |  6.4
Polearms       | 1 2 3 5 7 |  7.5
Armour         | 1 2 |  2.9
Shields        | 1 2 3 |  3.8
Summonings     | 5 6 7 |  7.2
Spellcasting   | 3 4 |  4.2
Air Magic      | 1 2 |  2.7
Ice Magic      | 2 |  2.1
Stealth        | |  2.1

Action                   |  1- 3 |  4- 6 |  7- 9 | 10-12 || total
-------------------------+-------+-------+-------+-------++-------
Melee: Unarmed           |    34 |       |       |       ||    34
       Spear             |    95 |   151 |   397 |    20 ||   663
       Whip              |     4 |       |       |       ||     4
 Cast: Summon Small Mamm |    13 |       |       |       ||    13
       Call Imp          |    30 |    11 |    48 |    16 ||   105
       Call Canine Famil |       |    25 |    25 |    11 ||    61
 Abil: Evoke Berserk Rag |       |       |     1 |       ||     1
Evoke: Wand              |       |       |       |    13 ||    13
  Use: Scroll            |     4 |     2 |    16 |       ||    22
       Potion            |     3 |       |     1 |       ||     4
 Stab: Sleeping          |     5 |     1 |     3 |       ||     9
       Distracted        |     1 |     2 |     1 |       ||     4
       Paralysed         |       |       |     2 |       ||     2
  Eat: Chunk             |     7 |    15 |    18 |     2 ||    42
       Ration            |       |       |     1 |     1 ||     2
Armor: Robe              |    20 |     5 |     2 |       ||    27
       Ring mail         |       |       |    23 |       ||    23
       Leather armour    |       |       |    86 |     4 ||    90
Dodge: Dodged            |   102 |    55 |   130 |     6 ||   293
Block: Shield            |       |       |   156 |     6 ||   162
